 Dungeon Crawl Stone Soup version 0.30.1-9-gdf580d7c3d (webtiles) character file.

Game seed: 10115912401691302406

9212 coolio the Zephyrmancer (level 11, -11/68 HPs)
             Began as a Demonspawn Conjurer on Oct 11, 2023.
             Was a Believer of Vehumet.
             Mangled by a death yak (22 damage)
             ... on level 8 of the Dungeon.
             The game lasted 00:18:10 (8976 turns).

coolio the Zephyrmancer (Demonspawn Conjurer)       Turns: 8976, Time: 00:18:11

Health: -11/68     AC:  7    Str:  8    XL:     11   Next: 20%
Magic:  8/19       EV: 18    Int: 23    God:    Vehumet [**....]
Gold:   1192       SH:  0    Dex: 12    Spells: 10/21 levels left

rFire   + . .        E - +7 Throatcutter {drain, coup de grace}
rCold   . . .        (no shield)
rNeg    . . .        x - +2 robe {Will+}
rPois   +            (no helmet)
rElec   .            (no cloak)
rCorr   .            (no gloves)
SInv    .            (boots unavailable)
Will    +....        (no amulet)
Stlth   ++           e - ring of protection from fire
HPRegen 0.31/turn    u - ring of poison resistance
MPRegen 0.32/turn

%: no passive effects
@: agile
A: hooves 3, molten scales 2, powered by pain 1, magic regeneration
a: Renounce Religion


You were on level 8 of the Dungeon.
You worshipped Vehumet.
Vehumet was pleased with you.
You visited 2 branches of the dungeon, and saw 9 of its levels.

You collected 1326 gold pieces.
You spent 134 gold pieces at shops.

Inventory:

Hand Weapons
 E - the +7 Throatcutter (weapon) {drain, coup de grace}
   (You found it on level 6 of the Dungeon)
Missiles
 f - a throwing net
 y - 3 curare-tipped darts
Armour
 x - a +2 robe of willpower (worn)
Jewellery
 e - a ring of protection from fire (left hand)
 h - a ring of ice
 i - a ring of ice
 u - a ring of poison resistance (right hand)
 K - the ring of Generosity {rPois rF+ rC++ Str-4}
   (You found it on level 7 of the Dungeon)

   [ring of protection from fire]

   Str:       It affects your strength (-4).
   rF:        It protects you from fire.
   rC:        It greatly protects you from cold.
   rPois:     It protects you from poison.
Wands
 n - a wand of mindburst (11)
 r - a wand of flame (34)
 C - a wand of charming (6)
 I - a wand of roots (10)
Scrolls
 a - 2 scrolls of enchant armour
 c - 3 scrolls of identify
 d - a scroll of fear {unknown}
 g - a scroll of poison
 j - 2 scrolls of brand weapon
 l - a scroll of teleportation
 v - a scroll of fog
 D - a scroll of silence
Potions
 b - 3 potions of magic
 k - a potion of lignification
 m - 8 potions of curing
 p - 2 potions of cancellation
 q - 2 potions of mutation
 s - 2 potions of haste
 w - a potion of brilliance
 B - a potion of flight


   Skills:
 + Level 5.4 Dodging
 - Level 1.7 Stealth
 + Level 5.5 Spellcasting
 * Level 9.2 Conjurations
 * Level 6.0 Translocations
 * Level 11.6 Air Magic


You had 10 spell levels left.
You knew the following spells:

 Your Spells              Type           Power      Damage    Failure   Level
a - Magic Dart            Conj           100%       1d8       1%          1
b - Searing Ray           Conj           96%        2d7       1%          2
c - Airstrike             Air            28%        2d(4-20)  1%          4
d - Iskenderun's Mystic   Conj/Tloc      41%        2d9       3%          4

Your spell library contained the following spells:

 Spells                   Type           Power      Damage    Failure   Level
 Momentum Strike          Conj/Tloc      82%        3d10      1%          2
 Apportation              Tloc           68%        N/A       1%          1
 Kiss of Death            Conj/Necr      100%       2d13      1%          1
 Poisonous Vapours        Pois/Air       66%        N/A       1%          2
 Static Discharge         Conj/Air       100%       2-7/arc   1%          2
 Mephitic Cloud           Conj/Pois/Air  38%        N/A       1%          3
 Dazzling Flash           Conj/Hex       54%        N/A       4%          3
 Summon Small Mammal      Summ           24%        N/A       9%          1
 Summon Lightning Spire   Summ/Air       33%        N/A       9%          4
 Fulminant Prism          Conj/Hex       13%        3d9       14%         4
 Freezing Cloud           Conj/Ice/Air   19%        6-21      14%         5
 Call Canine Familiar     Summ           6%         N/A       26%         3
 Confusing Touch          Hex            6%         N/A       26%         3
 Summon Guardian Golem    Hex/Summ       6%         N/A       26%         3
 Dispel Undead            Necr           6%         3d8       65%         4
 Alistair's Intoxication  Tmut/Pois      4%         N/A       94%         5


Dungeon Overview and Level Annotations

Branches:
Dungeon (8/15)             Temple (1/1) D:7            Lair (0/5) D:8

Altars:
Cheibriados
Dithmenos
Fedhas
Gozag
Hepliaklqana
Kikubaaqudgha
Makhleb
Nemelex Xobeh
Okawaru
Qazlal
Ru
Sif Muna
Trog
Uskayaw
Vehumet
Wu Jian
Xom
Yredelemnul

Shops:
D:1 (:!:   D:2 [   D:8 *


Innate Abilities, Weirdness & Mutations

You have hooves in place of feet.
You are mostly covered in molten scales. (AC +3)
You sometimes gain a little power by taking damage.
You regenerate magic rapidly.


Message History

Unknown command.
Unknown command.
Casting: Searing Ray (safe; 1% risk of failure)
Confirm with . or Enter, or press ? or * to list all spells.
Aiming: Searing Ray (safe; 1% risk of failure)
Press: ? - help, Shift-Dir - straight line, f - death yak
Aim: a death yak (heavily wounded, constricted by roots, 100% to hit)
The searing ray hits the river rat!
You kill the river rat!
Vehumet accepts your kill.
You feel your power returning.
The searing ray hits the death yak but does no damage.
The death yak is heavily wounded. (Press . to maintain the ray.)
The grasping roots constrict the bush!
The grasping roots constrict the death yak!
The roots release their grip on the bush.
The roots release their grip on the death yak.
Casting: Searing Ray (safe; 1% risk of failure)
Confirm with . or Enter, or press ? or * to list all spells.
Restarting spell: Searing Ray (safe; 1% risk of failure)
Press: ? - help, Shift-Dir - straight line, f/p - death yak
Aim: a death yak (severely wounded, 94% to hit)
The searing ray misses the death yak. (Press . to maintain the ray.)
The death yak gores you!
Unknown command.
The searing ray hits the death yak but does no damage.
The death yak is severely wounded.
The death yak closely misses you.
The searing ray hits the death yak!
The death yak is severely wounded.
The rat barely misses you. The death yak gores you!
* * * LOW HITPOINT WARNING * * *
You focus on the pain.
You feel agile all of a sudden.
An acid dragon comes into view.
You feel better. The rat bites you but does no damage.
The death yak gores you!!
You die...

#.......#...........,,
##.......#D..........,,
#.†g##...............*,
***#<†.##...............*,
*,*##.##....P...........**
***,**#o#..#..P..........#*,
**,,,,*#...*#..P..........#**
**,,,,,....###r.P...........**
*,,,,,,..##.#@Y..............,
**,,,,......................##
***,,,,.##....#...............#
**,,,,,,......###>...#..........
*,,,,,,,.......#.##)##..##......
***,*,,,............######......
****,*.............###.#......
***........................
**,*,..#...#...#..###...#


You could see a death yak, an acid dragon (wandering) and a rat.

Vanquished Creatures
  A two-headed ogre (D:8)
  2 death yaks
  2 yaks (D:8)
  3 steam dragons
  Menkaure (D:5)
  A water moccasin (D:5)
  Duvessa (D:7)
  5 orc warriors
  2 ice beasts
  2 sky beasts (D:7)
  An ogre (D:7)
  2 centaurs
  Blork the orc (D:5)
  7 bullfrogs
  2 scorpions
  2 gnoll sergeants (D:8)
  Dowan (D:7)
  13 killer bees (D:8)
  3 howler monkeys (D:8)
  2 jellies
  5 orc priests
  A gnoll bouda (D:6)
  3 hounds
  3 iguanas
  2 sleepcaps
  Natasha (thrice) (D:3)
  7 orc wizards
  5 adders
  19 gnolls
  A river rat (D:8)
  An ufetubus (D:5)
  A worm (D:3)
  4 dart slugs
  25 orcs
  6 ball pythons
  5 endoplasms
  4 giant cockroaches
  9 goblins
  6 hobgoblins
  3 jackals (D:1)
  4 quokkas
  6 bats
  A frilled lizard (D:1)
  12 kobolds
  10 rats
200 creatures vanquished.

Vanquished Creatures (collateral kills)
  An orc wizard (D:6)
  11 orcs (D:6)
12 creatures vanquished.

Vanquished Creatures (others)
  An orc warrior (D:6)
  An orc wizard (D:6)
2 creatures vanquished.

Grand Total: 214 creatures vanquished

Notes
Turn   | Place    | Note
-------+----------+-------------------------------------------
     0 | D:1      | coolio the Demonspawn Conjurer began the quest for the Orb.
     0 | D:1      | Reached XP level 1. HP: 13/13 MP: 3/3
   136 | D:1      | Found Raohilee's Distillery.
   211 | D:1      | Found Odghu Ced's Book Shop.
   252 | D:1      | Gained mutation: You are partially covered in molten
                  | scales. (AC +2) [demonic ancestry]
   252 | D:1      | Reached XP level 2. HP: 19/19 MP: 1/5
   920 | D:1      | Found Erunguc's Book Boutique.
   929 | D:1      | Found Ucuom's Weapon Shop.
  1295 | D:1      | Bought a potion of heal wounds for 65 gold pieces
  1295 | D:1      | Bought a potion of curing for 39 gold pieces
  1302 | D:2      | Gained mutation: You are mostly covered in molten scales.
                  | (AC +3) [demonic ancestry]
  1302 | D:2      | Reached XP level 3. HP: 24/24 MP: 4/6
  1305 | D:2      | Learned a level 2 spell: Searing Ray
  1322 | D:2      | Found Rojogh's Antique Armour Shop.
  2214 | D:3      | Gained mutation: You regenerate magic rapidly. [demonic
                  | ancestry]
  2214 | D:3      | Reached XP level 4. HP: 30/30 MP: 5/7
  2229 | D:3      | Noticed Natasha
  2267 | D:3      | Killed Natasha
  2268 | D:3      | Reached skill level 5 in Conjurations
  2812 | D:3      | Noticed Natasha
  2815 | D:3      | Killed Natasha
  2815 | D:3      | Noticed Natasha
  2818 | D:3      | Killed Natasha
  2819 | D:3      | Gained mutation: You sometimes gain a little power by
                  | taking damage. [demonic ancestry]
  2819 | D:3      | Reached XP level 5. HP: 35/35 MP: 1/9
  3844 | D:5      | Entered Level 5 of the Dungeon
  3844 | D:5      | Noticed a +0 short sword
  3850 | D:5      | Found a hide-covered altar of Uskayaw.
  3850 | D:5      | Noticed a +0 spear
  3850 | D:5      | Noticed a +0 dagger
  3853 | D:5      | Noticed a +0 falchion
  3853 | D:5      | Noticed a +0 spear
  3854 | D:5      | Noticed a +0 dagger
  3854 | D:5      | Noticed a +0 falchion
  3855 | D:5      | Noticed a +0 short sword
  3861 | D:5      | Noticed Blork the orc
  3869 | D:5      | Killed Blork the orc
  3870 | D:5      | Reached XP level 6. HP: 37/41 MP: 0/11
  4228 | D:5      | Learned a level 4 spell: Airstrike
  4233 | D:5      | Learned a level 4 spell: Iskenderun's Mystic Blast
  4374 | D:5      | Noticed a water moccasin
  4396 | D:5      | Killed a water moccasin
  4397 | D:5      | Reached skill level 1 in Translocations
  4397 | D:5      | Reached skill level 1 in Air Magic
  4397 | D:5      | Gained mutation: You have large cloven feet. [demonic
                  | ancestry]
  4397 | D:5      | Reached XP level 7. HP: 20/46 MP: 1/12
  4542 | D:5      | Noticed Menkaure
  4547 | D:5      | Killed Menkaure
  4633 | D:5      | Found an iron altar of Okawaru.
  4859 | D:5      | Reached skill level 2 in Air Magic
  5196 | D:6      | Found the +7 Throatcutter {drain, coup de grace}
  5296 | D:6      | Gained mutation: You have hoof-like feet. [demonic
                  | ancestry]
  5296 | D:6      | Reached XP level 8. HP: 40/52 MP: 14/14
  5387 | D:6      | Reached skill level 3 in Air Magic
  5506 | D:6      | Found a runed translucent door.
  5752 | D:6      | Found a shadowy altar of Dithmenos.
  5788 | D:6      | Found a sacrificial altar of Ru.
  5800 | D:6      | Found a snail-covered altar of Cheibriados.
  6014 | D:7      | Reached skill level 4 in Air Magic
  6059 | D:7      | Found a staircase to the Ecumenical Temple.
  6089 | Temple   | Entered the Ecumenical Temple
  6324 | Temple   | Became a worshipper of Vehumet
  6481 | D:7      | Gained mutation: You have hooves in place of feet. [demonic
                  | ancestry]
  6481 | D:7      | Reached XP level 9. HP: 34/57 MP: 14/16
  6615 | D:7      | Noticed Duvessa
  6617 | D:7      | Noticed Dowan
  6625 | D:7      | Killed Duvessa
  6626 | D:7      | Killed Dowan
  7397 | D:7      | Reached skill level 5 in Spellcasting
  7397 | D:7      | Reached skill level 5 in Translocations
  7542 | D:7      | Identified the ring of Generosity {rPois rF+ rC++ Str-4}
  7598 | D:8      | Reached skill level 11 in Air Magic
  7598 | D:8      | Reached XP level 10. HP: 63/63 MP: 17/17
  7609 | D:8      | Identified a scroll of acquirement
  7609 | D:8      | Acquired 918 gold pieces
  7676 | D:8      | Reached * piety under Vehumet
  7676 | D:8      | Offered knowledge of Sandblast by Vehumet.
  7677 | D:8      | Reached skill level 5 in Dodging
  7845 | D:8      | Noticed a death yak
  7846 | D:8      | Noticed a death yak
  7896 | D:7      | HP: 3/94 [death yak (12)]
  7900 | D:7      | Killed a death yak
  8314 | D:8      | Found Yrghanni's General Store.
  8357 | D:8      | Bought a scroll of identify for 30 gold pieces
  8384 | D:8      | Noticed a death yak
  8386 | D:8      | Killed a death yak
  8503 | D:8      | Reached ** piety under Vehumet
  8503 | D:8      | Offered knowledge of Momentum Strike by Vehumet.
  8553 | D:8      | Noticed a two-headed ogre
  8556 | D:8      | Killed a two-headed ogre
  8557 | D:8      | Reached XP level 11. HP: 68/68 MP: 6/19
  8932 | D:8      | Found a hazy altar of Hepliaklqana.
  8976 | D:8      | Mangled by a death yak

Illustrated notes

Levels and vault maps discovered:
D:1:      dpeg_arrival_tiny_j, layout_basic, serial_shops, shop_fountains,
          nicolae_shop_tiny_statue_garden, shop, nicolae_shop_statue_plus,
          minmay_pentomino_q2
D:2:      wander_river, layout_loops_ring, serial_shops, shop, item_on_display_a
D:3:      layout_basic, uniq_natasha
D:4:      layout_basic
D:5:      layout_cave_pools, zin_statuary, nicolae_uskayaw_en_pointe,
          okawaru_altar_gauntlet_db, minmay_splitting_lines,
          minmay_misc_feat_plants, nicolae_sextant, nicolae_figureground_pulse,
          uniq_blork_the_orc, uniq_menkaure
D:6:      layout_gridville, nicolae_overflow_quartered_altars,
          lightli_church_of_beogh
D:7:      layout_basic, temple_pool_b, st_stairs_13, uniq_duvessa
D:8:      layout_cave_pools, mainiacjoe_overflow_boulevard, dpeg_lair_monsters,
          enter_bailey_8, serial_shops, shop, minmay_fractal_squares_diagonal_5
Temple:   nicolae_temple_figure_eight

Skill      XL: |  1  2  3  4  5  6  7  8  9 10 11 |
---------------+----------------------------------+-----
Dodging        | 2 3 4 5 |  5.4
Conjurations   | 5 6 7 8 9 |  9.2
Spellcasting   | 3 4 5 |  5.5
Translocations | 1 2 4 5 6 |  6.0
Air Magic      | 1 2 4 11 | 11.6
Stealth        | |  1.7

Action                     |  1- 3 |  4- 6 |  7- 9 | 10-12 || total
---------------------------+-------+-------+-------+-------++-------
  Melee: Dagger            |     5 |       |       |       ||     5
         Unarmed           |     5 |       |       |       ||     5
         Short sword       |    21 |       |    11 |       ||    32
         Kick              |       |       |     6 |     7 ||    13
         Long sword        |       |       |    11 |    28 ||    39
   Cast: Magic Dart        |    86 |    70 |    39 |    53 ||   248
         Searing Ray       |       |    13 |    57 |    27 ||    97
         Airstrike         |       |       |       |    16 ||    16
  Evoke: Wand              |       |     1 |     5 |     5 ||    11
    Use: Potion            |       |       |     3 |     7 ||    10
         Scroll            |       |       |     1 |    21 ||    22
 Armour: Robe              |    16 |    10 |    23 |    35 ||    84
         Skin              |       |       |       |    15 ||    15
  Dodge: Dodged            |    31 |    19 |    73 |    78 ||   201
